 Dungeon Crawl Stone Soup version 0.31-a0-564-g3b7de120b3 (webtiles) character file.

Game seed: 12282426886560708592

95 LustLizard the Ruffian (level 4, 0/29 HPs)
             Began as an Octopode Shapeshifter on Aug 18, 2023.
             Slain by a gnoll
             ... wielding a +0 whip
              (6 damage)
             ... on level 2 of the Dungeon.
             The game lasted 00:02:58 (1665 turns).

LustLizard the Ruffian (Octopode Shapeshifter)      Turns: 1665, Time: 00:02:58

Health: 0/29       AC:  1    Str: 14    XL:     4   Next: 65%
Magic:  4/4        EV: 13    Int: 12    God:
Gold:   23         SH:  0    Dex: 12    Spells: 3/3 levels left

rFire   . .          .
                       - Unarmed
rCold   . . .        (no shield)
rNeg    . . .        (helmet currently unavailable)
rPois   .            f - amulet of regeneration
rElec   .            (no ring)
rCorr   .            (no ring)
SInv    .            (no ring)
Will    .....        (no ring)
Stlth   +++          (no ring)
HPRegen 1.04/turn    (no ring)
MPRegen 0.09/turn    (no ring)
                     (no ring)

%: no passive effects
@: beast-form
A: beast (slay +2), almost no armour, amphibious, 8 rings, camouflage 1,
gelatinous body 1, (nimble swimmer 1), tentacles
a: Begin Untransformation


You were on level 2 of the Dungeon.
You were a hulking beast.
You visited 1 branch of the dungeon, and saw 3 of its levels.

You collected 23 gold pieces.

Inventory:

Missiles
 h - 4 poisoned darts
Jewellery
 f - an amulet of regeneration (around mantle)
Talismans
 b - a beast talisman (active)
 c - a flux talisman
Scrolls
 d - a scroll of fog
 e - a scroll of butterflies {unknown}
 i - a scroll of identify {unknown}
 k - a scroll of noise {unknown}
 l - a scroll of vulnerability {unknown}
Potions
 a - a potion of lignification
 g - a potion of mutation {unknown}
 j - a potion of invisibility {unknown}


   Skills:
 + Level 2.0 Fighting
 - Level 2.0 Dodging
 + Level 2.3 Stealth
 * Level 4.1 Unarmed Combat
 + Level 3.3 Shapeshifting


You had 3 spell levels left.
You didn't know any spells.
Your spell library was empty.

Dungeon Overview and Level Annotations

Branches:
Dungeon (3/15)

Altars:
Cheibriados


Innate Abilities, Weirdness & Mutations

You are a hulking beast.
Your limbs bulge with bestial killing power. (Slay +2)
You cannot wear most types of armour.
You are amphibious.
You can wear up to eight rings at the same time.
Your skin changes colour to match your surroundings (Stealth+).
Your rubbery body absorbs attacks. (AC +1, EV +1)
((You are camouflaged when in or above water. (Stealth+)))
You have tentacles for arms and can constrict up to eight enemies at once.


Message History

You squeeze the hobgoblin.
You kill the hobgoblin!
Your Fighting skill increases to level 2!
You see here a hobgoblin corpse.
Found a stone staircase leading down.
Found a chain mail.
Done exploring.
There is a stone staircase leading down here.
You climb downwards.
Found 6 gold pieces.
Found a snail-covered altar of Cheibriados.
Found a stone staircase leading up.
There is a stone staircase leading up here.
Okay, then.
As you read the scroll labelled EMONOU VACVANG, it dissolves into smoke.
It was a scroll of fog.
The quokka bites you. The quokka closely misses you.
You tentacle-slap the quokka.
You kill the quokka!
The gnoll shouts! x2
The gnoll throws a throwing net.
The throwing net closely misses you.
The gnoll throws a throwing net.
The throwing net hits you.
You become entangled in the net!
You stop ascending the stairs.
You tear a large gash into the net.
You struggle against the net.
You struggle against the net.
The gnoll hits you with a +0 whip. The gnoll hits you with a +0 flail!
You rip the net and break free!
The gnoll hits you from afar with a +0 spear.
The gnoll closely misses you. The gnoll hits you with a +0 flail!
* * * LOW HITPOINT WARNING * * *
The gnoll hits you from afar with a +0 spear.
* * * LOW HITPOINT WARNING * * *
The gnoll barely misses you. The gnoll misses you.
You climb upwards.
There is a stone staircase leading down here.
You tentacle-slap the gnoll. Your grab misses the gnoll. You squeeze the gnoll!
You kill the gnoll!
The gnoll hits you with a +0 whip.
You die...

#.......#
#.##.###..........
####.##.## #.##.#
#..........
##..##..###.##.#
#..........
##..###....#.##.#
######>.### #####..##
#.#.....#.#########.##
......##
#...............###..##
#######
##.##...#<.#.###..).....
#####
###..###.g##....########..
....# ##....# #.h####..##
#.. ....# #..##.# #).#
#...## ##. ....###.###.#
#..# ##...# ## ###.#...#
#.# #..# ###.## ####
#.#.### #.# #### #..#
##... #...# #.# ##.###..##
###..# #.# ##.##..##
#....# #.# #######.....##
##.#.## #.##
##.......#....#


You could see a gnoll.

Vanquished Creatures
  5 gnolls (D:2)
  2 bats (D:1)
  5 endoplasms
  3 giant cockroaches
  4 goblins (D:1)
  11 hobgoblins
  4 jackals (D:1)
  3 kobolds (D:1)
  3 quokkas
  2 ball pythons (D:1)
  A frilled lizard (D:2)
  5 rats (D:1)
48 creatures vanquished.

Notes
Turn   | Place    | Note
-------+----------+-------------------------------------------
     0 | D:1      | LustLizard the Octopode Shapeshifter began the quest for
                  | the Orb.
     0 | D:1      | Reached XP level 1. HP: 13/13 MP: 1/1
    47 | D:1      | Reached XP level 2. HP: 4/18 MP: 2/2
    51 | D:1      | Reached skill level 1 in Stealth
   467 | D:1      | Reached XP level 3. HP: 23/23 MP: 3/3
  1299 | D:2      | Reached XP level 4. HP: 24/29 MP: 4/4
  1457 | D:2      | Reached skill level 4 in Unarmed Combat
  1643 | D:3      | Found a snail-covered altar of Cheibriados.
  1665 | D:2      | Slain by a gnoll

Illustrated notes

Levels and vault maps discovered:
D:1:      minmay_arrival_plants_in_alcoves, layout_loops_ring,
          chequers_hall_statues_corner_a, minmay_misc_feat_five,
          skrybe_limestone_x
D:2:      layout_rooms
D:3:      layout_rooms, mainiacjoe_overflow_cross_hatched,
          mainiacjoe_overflow_small_starburst, mainiacjoe_overflow_alcove_1

Skill      XL: |  1  2  3  4 |
---------------+-------------+-----
Stealth        | 1 2 |  2.3
Unarmed Combat | 4 |  4.1
Fighting       | 2 |  2.0
Dodging        | |  2.0
Shapeshifting  | |  3.3

Action                     |  1- 3 |  4- 6 || total
---------------------------+-------+-------++-------
  Melee: Unarmed           |    68 |    14 ||    82
         Constrict         |    19 |     4 ||    23
         Tentacles         |    18 |     6 ||    24
         Punch             |     2 |       ||     2
  Throw: Dart              |       |     6 ||     6
    Use: Scroll            |       |     1 ||     1
   Stab: Sleeping          |     1 |       ||     1
 Armour: Skin              |     2 |       ||     2
  Dodge: Dodged            |    31 |    11 ||    42

Table legend: (Time is in decaauts)
 A = Elapsed time spent in this place.
 B = Non-inter-level travel time spent in this place.
 C = Inter-level travel time spent in this place.
 D = Time resting spent in this place.
 E = Time spent auto-exploring this place.
 F = Levels seen in this place.
 G = Mean time per level.
                   A        B        C        D        E       F      G
               +--------+--------+--------+--------+--------+-----+--------+
         Total |   1661 |   1609 |     52 |     18 |    936 |   3 |  553.7 |
       Dungeon |   1661 |   1609 |     52 |     18 |    936 |   3 |  553.7 |
               +--------+--------+--------+--------+--------+-----+--------+

Top non-repeatable levels by time:
     D:1: 1039 daAuts
     D:2: 601 daAuts
     D:3: 20 daAuts
